 Dungeon Crawl Stone Soup version 0.30-a0-222-ge547ba4400 (webtiles) character file.

Game seed: 10100905986603475514

305 qw the Chopper (level 6, -1/38 HPs)
             Began as a Gargoyle Fighter on Oct 8, 2022.
             Slain by Sigmund
             ... wielding a +1 vorpal scythe
              (4 damage)
             ... on level 4 of the Dungeon.
             The game lasted 00:01:16 (2800 turns).

qw the Chopper (Gargoyle Fighter)                   Turns: 2800, Time: 00:01:17

Health: -1/38      AC: 13    Str: 27    XL:     6   Next: 39%
Magic:  6/6        EV: 10    Int:  9    God:
Gold:   127        SH:  5    Dex: 15    Spells: 5/5 levels left

rFire   . . .      SeeInvis .    Y - +0 war axe
rCold   . . .      Faith    .    c - +0 buckler
rNeg    + . .      Spirit   .    b - +0 scale mail
rPois   inf        Reflect  .    (no helmet)
rElec   +          Harm     .    (no cloak)
rCorr   .          Rampage  .    m - +0 pair of gloves
Will    .....                    i - +0 pair of boots
Stlth   ..........               (no amulet)
HPRegen 0.26/turn                h - +6 ring of dexterity
MPRegen 0.10/turn                p - +6 ring of strength

@: no status effects
A: sickness immunity, AC +4, negative energy resistance 1, electricity
resistance, torment resistance 1, petrification resistance
a: no special abilities


You were on level 4 of the Dungeon.
You visited 1 branch of the dungeon, and saw 4 of its levels.

You collected 127 gold pieces.


Innate Abilities, Weirdness & Mutations

You are immune to sickness and miasma.
Your stone body is resilient. (AC +4)
You are immune to poison.
You resist negative energy. (rN+)
You are resistant to electric shocks. (rElec)
You are resistant to unholy torment.
You are immune to petrification.


   Skills:
 + Level 3.7 Fighting
 - Level 5.3 Axes
 - Level 3.2 Armour
 - Level 1.7 Dodging
 - Level 3.2 Shields


You had 5 spell levels left.
You didn't know any spells.
Your spell library was empty.

Inventory:

Hand Weapons
 g - a +0 flail
 Y - a +0 war axe (weapon)
Missiles
 k - 4 boomerangs (quivered)
Armour
 b - a +0 scale mail (worn)
 c - a +0 buckler (worn)
 i - a +0 pair of boots (worn)
 m - a +0 pair of gloves (worn)
Jewellery
 h - a +6 ring of dexterity (left hand)
 p - a +6 ring of strength (right hand)
Scrolls
 e - a scroll of identify
 l - a scroll of teleportation
Potions
 a - a potion of heal wounds {unknown}
 d - 2 potions of might
 f - a potion of curing {unknown}
 j - a potion of haste
 n - a potion of brilliance {unknown}
 o - a potion of lignification {unknown}

Dungeon Overview and Level Annotations

Branches:
Dungeon (4/15)
 Temple: D:4-7

Altars:

Shops:
D:1 [

Annotations:
D:4 Sigmund


Message History

The magic dart hits you but does no damage.
Something hits you.
You closely miss something. You slash something! You block something's attack.
You closely miss something.
You hear some strange, mumbled words.
You are confused.
You're too confused to attack without stumbling around!
There is a strange disturbance nearby!
Something hits you but does no damage.
You're too confused to attack without stumbling around!
There is a strange disturbance nearby!
Something hits you!
You're too confused to attack without stumbling around!
There is a strange disturbance nearby!
You're too confused to attack without stumbling around!
There is a strange disturbance nearby!
You hear some strange, mumbled words.
A magic dart appears from out of thin air!
The magic dart hits you.
You're too confused to attack without stumbling around!
There is a strange disturbance nearby!
Something hits you but does no damage.
You're too confused to attack without stumbling around!
There is a strange disturbance nearby!
You feel less confused. Something hits you.
You barely miss something. You miss something.
Something hits you but does no damage.
You barely miss something. Something hits you!
You slash something! Something hits you.
You miss something. Something hits you but does no damage.
You hit something. Something hits you.
You die...

#.#.# . #.#.
#.#:#####...
###.#.#######.#.#.......
##..........##.#.#.###
.............##.......#
.............##.......#
............##.......#
#......{...##.......#
#......@...##.......#
#..........##.......####
#..........##...........
#..........##.......####
###+#.#######.......+...
#...(........>..####
#...................
#)......)...########
#............... ..


There were no monsters in sight!

Vanquished Creatures
  Menkaure (D:4)
  A hound (D:4)
  An orc priest (D:3)
  3 adders
  3 worms (D:3)
  4 dart slugs
  6 orcs (D:3)
  6 endoplasms
  4 giant cockroaches
  6 goblins
  7 hobgoblins
  4 jackals (D:1)
  5 kobolds
  6 quokkas
  8 ball pythons
  4 frilled lizards
  3 rats
72 creatures vanquished.

Notes
Turn   | Place    | Note
-------+----------+-------------------------------------------
     0 | D:1      | qw the Gargoyle Fighter began the quest for the Orb.
     0 | D:1      | Reached XP level 1. HP: 14/14 MP: 1/1
     0 | D:1      | 0 ||| qw: Version: 0.2-a-17-gfa9de96
     0 | D:1      | 0 ||| qw: Game counter: 1997
     0 | D:1      | 0 ||| qw: Always use a shield: true
     0 | D:1      | 0 ||| qw: God list: Okawaru
     0 | D:1      | 0 ||| qw: Allow faded altars: false
     0 | D:1      | 0 ||| qw: Do Orc after D:15 true
     0 | D:1      | 0 ||| qw: Do second Lair branch before Depths: true
     0 | D:1      | 0 ||| qw: Lair rune preference: random
     0 | D:1      | 0 ||| qw: Plans: Normal, Zot:1-4, God:TSO, Crypt, Tomb,
                  | Pan, Slime:5, Hells, Abyss, Orb
     0 | D:1      | 0 ||| PLANNING D:1-11
    50 | D:1      | Reached skill level 2 in Axes
   107 | D:1      | 107 ||| Stepping ~*~*~tactically~*~*~ (stealth).
   114 | D:1      | Reached XP level 2. HP: 15/19 MP: 2/2
   174 | D:1      | 174 ||| Stepping ~*~*~tactically~*~*~ (stealth).
   176 | D:1      | 176 ||| Stepping ~*~*~tactically~*~*~ (stealth).
   215 | D:1      | 215 ||| Stepping ~*~*~tactically~*~*~ (stealth).
   215 | D:1      | Found Fuubudud's Antique Armour Boutique.
   226 | D:1      | 226 ||| SHOPLISTING bronze leather armour (147 gold, have
                  | 31).
   226 | D:1      | 226 ||| SHOPLISTING chain mail (94 gold, have 31).
   226 | D:1      | 226 ||| SHOPLISTING pair of glowing boots (157 gold, have
                  | 31).
   226 | D:1      | 226 ||| SHOPLISTING pair of runed gloves (157 gold, have
                  | 31).
   243 | D:1      | 243 ||| Stepping ~*~*~tactically~*~*~ (stealth).
   247 | D:1      | 247 ||| Stepping ~*~*~tactically~*~*~ (stealth).
   284 | D:1      | Reached skill level 3 in Axes
   337 | D:1      | Reached XP level 3. HP: 22/23 MP: 3/3
   646 | D:1      | Found a faded altar of an unknown god.
   655 | D:1      | 655 ||| Stepping ~*~*~tactically~*~*~ (stealth).
   868 | D:1      | 868 ||| UPGRADING to +0 pair of boots.
   873 | D:1      | 873 ||| READING scroll labelled ACIUFU LINARRALAAF.
   874 | D:1      | 874 ||| READING scroll labelled YMYUNG BI CULE.
   963 | D:2      | 963 ||| Stepping ~*~*~tactically~*~*~ (stealth).
   999 | D:2      | 999 ||| DROPPING +0 club.
  1024 | D:2      | Reached XP level 4. HP: 26/28 MP: 4/4
  1095 | D:2      | 1095 ||| Stepping ~*~*~tactically~*~*~ (hiding).
  1378 | D:2      | Reached skill level 4 in Axes
  1431 | D:2      | 1431 ||| UPGRADING to +6 ring of dexterity.
  1432 | D:2      | 1432 ||| READING scroll labelled SIOSEFFAGO.
  1433 | D:2      | 1433 ||| DRINKING 2 fuming cyan potions.
  1448 | D:3      | 1448 ||| PLANNING SEWER
  1541 | D:3      | 1541 ||| FLEEEEING.
  1542 | D:3      | 1542 ||| FLEEEEING.
  1650 | D:3      | 1650 ||| DROPPING +0 mace.
  1909 | D:3      | 1909 ||| Stepping ~*~*~tactically~*~*~ (stealth).
  1911 | D:3      | 1911 ||| Stepping ~*~*~tactically~*~*~ (stealth).
  1913 | D:3      | 1913 ||| Stepping ~*~*~tactically~*~*~ (stealth).
  1921 | D:3      | Reached skill level 1 in Dodging
  1921 | D:3      | Reached XP level 5. HP: 32/32 MP: 5/5
  2140 | D:3      | 2140 ||| RIP SEWER
  2232 | D:3      | 2232 ||| PLANNING D:1-11
  2265 | D:3      | 2265 ||| UPGRADING to +0 pair of gloves.
  2270 | D:3      | 2270 ||| UPGRADING to +6 ring of strength.
  2271 | D:3      | 2271 ||| READING 2 scrolls labelled NUPTUNOISI.
  2452 | D:3      | 2452 ||| READING scroll labelled BAWOESMA JYUMM.
  2453 | D:3      | 2453 ||| READING 2 scrolls of identify.
  2453 | D:3      | 2453 ||| IDENTIFYING white potion
  2454 | D:3      | 2454 ||| DROPPING potion of flight.
  2542 | D:4      | Noticed Menkaure
  2544 | D:4      | 2544 ||| FLEEEEING.
  2545 | D:4      | 2545 ||| FLEEEEING.
  2546 | D:4      | 2546 ||| FLEEEEING.
  2547 | D:4      | 2547 ||| FLEEEEING.
  2548 | D:4      | 2548 ||| FLEEEEING.
  2549 | D:4      | 2549 ||| FLEEEEING.
  2550 | D:4      | 2550 ||| FLEEEEING.
  2551 | D:4      | 2551 ||| Stepping ~*~*~tactically~*~*~ (hiding).
  2555 | D:4      | 2555 ||| STAIRDANCE
  2567 | D:3      | 2567 ||| READING scroll labelled UPPUGAK HILON.
  2576 | D:4      | Killed Menkaure
  2577 | D:4      | Reached skill level 5 in Axes
  2577 | D:4      | Reached XP level 6. HP: 26/37 MP: 6/6
  2577 | D:4      | 2577 ||| STAIRDANCE
  2777 | D:4      | Noticed Sigmund
  2797 | D:4      | HP: 8/38 [something (7)]
  2798 | D:4      | HP: 3/38 [something (1)]
  2800 | D:4      | Slain by Sigmund

Levels and vault maps discovered:
D:1:      wander_arrival_estate, layout_loops_cross, serial_shops, shop,
          basic_ecumenical_altar, minmay_misc_feat_tower
D:2:      layout_basic
D:3:      layout_loops_corners, cheibrodos_sewer_entry_bend,
          minmay_misc_feat_more_columns, supply_closet_lemuel,
          chequers_serial_rivers_micro_b
D:4:      layout_basic, minmay_ogre_servants, uniq_menkaure, uniq_sigmund,
          uniq_eustachio, uniq_pikel

Skill      XL: |  1  2  3  4  5 |
---------------+----------------+-----
Axes           | 2 3 4 5 |  5.3
Dodging        | 1 |  1.7
Fighting       | |  3.7
Armour         | |  3.2
Shields        | |  3.2

Action                   |  1- 3 |  4- 6 || total
-------------------------+-------+-------++-------
Melee: War axe           |   120 |   107 ||   227
Throw: Boomerang         |       |    18 ||    18
  Use: Scroll            |     2 |     5 ||     7
       Potion            |       |     1 ||     1
Armor: Scale mail        |    44 |    39 ||    83
Dodge: Dodged            |    54 |    25 ||    79
Block: Buckler           |    23 |    17 ||    40

Table legend:
 A = Non-vault XP
 B = Vault XP
 C = Vault XP percentage of total XP
 D = Non-vault monster count
 E = Vault monster count
 F = Vault count percentage of total count
                 A         B        C        D         E       F
            +---------+---------+-------+---------+---------+-------
      Total |     257 |     179 |  41.1 |      69 |       3 |   4.2
            +---------+---------+-------+---------+---------+-------
        D:1 |      57 |       0 |   0.0 |      32 |       0 |   0.0
        D:2 |      53 |       0 |   0.0 |      15 |       0 |   0.0
        D:3 |      93 |      10 |   9.7 |      16 |       2 |  11.1
        D:4 |      54 |     169 |  75.8 |       6 |       1 |  14.3
            +---------+---------+-------+---------+---------+-------
